 Dungeon Crawl Stone Soup version 0.24.0-123-gd5b16e6ec5 (webtiles) character file.

Game seed: 16257007325261584188, levelgen mode: deterministic

234 Curus the Spear-Bearer (level 6, -11/66 HPs)
             Began as a Merfolk Gladiator on Dec 26, 2019.
             Was a Follower of Trog.
             Splashed by Ijyb's acid (14 damage)
             ... on level 4 of the Dungeon.
             The game lasted 00:15:52 (2544 turns).

Curus the Spear-Bearer (Merfolk Gladiator)          Turns: 2544, Time: 00:15:53

Health: -11/66     AC:  1    Str: 19    XL:     6   Next: 5%
Magic:  6/6        EV: 14    Int:  8    God:    Trog [*.....]
Gold:   164        SH:  0    Dex: 17    Spells: 5/5 levels left

rFire    . . .     SeeInvis .   a - +0 trident
rCold    . . .     Gourm    .   (no shield)
rNeg     . . .     Faith    .   b - +0 leather armour
rPois    .         Spirit   .   c - +0 helmet
rElec    .         Reflect  .   j - +0 cloak (curse)
rCorr    .         Harm     .   (no gloves)
MR       .....                  (no boots)
Stlth    ..........             (no amulet)
HPRegen  0.21/turn              (no ring)
MPRegen  0.10/turn              (no ring)

@: berserking (expiring), corroded, very quick
A: change form in water, swift swim, stealthy swim
a: Berserk, Renounce Religion


You were on level 4 of the Dungeon.
You worshipped Trog.
Trog was aware of your devotion.
You were very hungry.

You visited 1 branch of the dungeon, and saw 4 of its levels.

You collected 164 gold pieces.

Inventory:

Hand Weapons
 a - a +0 trident (weapon)
Missiles
 d - 3 throwing nets (quivered)
Armour
 b - a +0 leather armour (worn)
 c - a +0 helmet (worn)
 j - a cursed +0 cloak (worn)
Wands
 i - a wand of paralysis (9)
 k - a wand of iceblast (9)
Scrolls
 e - 2 scrolls of teleportation
 g - 4 scrolls of identify
Potions
 h - 2 potions of curing
Comestibles
 f - 9 rations


   Skills:
 - Level 2.1 Fighting
 + Level 9.4 Polearms
 - Level 2.0 Throwing
 - Level 4.0 Dodging


You had 5 spell levels left.
You didn't know any spells.
Your spell library was empty.

Dungeon Overview and Level Annotations

Branches:
Dungeon (4/15)             Temple (0/1) D:4

Altars:
Trog
Xom

Annotations:
D:4 Ijyb


Message History

You reach to attack!
You closely miss the orc. You puncture the orc!
You kill the orc!
Trog accepts your kill.
Attack whom?
Press: ? - help, Dir - move target cursor, f - orc
Aim: an orc, wielding a +0 falchion You reach to attack!
You puncture the orc!
You kill the orc!
Trog accepts your kill.
Attack whom?
Press: ? - help, Dir - move target cursor, f - orc
Aim: an orc, wielding a +0 hand axe You reach to attack!
You impale the orc!!
You kill the orc!
Trog accepts your kill.
Ijyb zaps a wand.
The bolt of acid hits you!
* * * LOW HITPOINT WARNING * * *
The acid corrodes you!
You are splashed with acid!
You die...

#%.#..# #g....# #
#.#####o...#...
#.......)......
###########..#....
#...o..o.o......#
#.#gW...o.o..#.##
#.#)#######....#
#.#@# #.#(.# #.#.#
#...## #.#.# #####
#.#.# #.#.# ##.#.#
#....# #..###
#..####


You could see a phantom, Ijyb and an orc.

Vanquished Creatures
  A hound (D:4)
  Robin (D:3)
  6 adders
  3 oozes
  An adder skeleton (D:4)
  2 worms (D:2)
  9 dart slugs
  4 leopard geckos
  11 orcs
  5 giant cockroaches
  14 goblins
  10 hobgoblins
  A ball python (D:2)
  6 bats
  5 frilled lizards
  4 kobolds
  A leopard gecko skeleton (D:4)
  7 rats
91 creatures vanquished.

Notes
Turn   | Place    | Note
-------+----------+-------------------------------------------
     0 | D:1      | Curus the Merfolk Gladiator began the quest for the Orb.
     0 | D:1      | Reached XP level 1. HP: 16/16 MP: 1/1
   145 | D:1      | Reached skill level 5 in Polearms
   174 | D:1      | Reached XP level 2. HP: 21/22 MP: 2/2
   290 | D:1      | You fall into a shaft and drop 1 floor!
   365 | D:2      | Found a shimmering altar of Xom.
   466 | D:1      | Reached skill level 6 in Polearms
   466 | D:1      | Reached XP level 3. HP: 24/27 MP: 3/3
  1122 | D:2      | Reached XP level 4. HP: 33/33 MP: 4/4
  1178 | D:2      | Reached skill level 7 in Polearms
  1649 | D:3      | Found a bloodstained altar of Trog.
  1657 | D:3      | Became a worshipper of Trog the Wrathful
  1828 | D:3      | Noticed Robin
  1845 | D:2      | Reached skill level 8 in Polearms
  1849 | D:2      | Reached XP level 5. HP: 5/38 MP: 5/5
  2151 | D:3      | Killed Robin
  2266 | D:3      | Reached * piety under Trog
  2496 | D:4      | Found a staircase to the Ecumenical Temple.
  2497 | D:4      | Noticed a phantom
  2502 | D:4      | Noticed Ijyb
  2511 | D:4      | Reached skill level 9 in Polearms
  2538 | D:4      | Reached XP level 6. HP: 15/44 MP: 6/6
  2544 | D:4      | HP: 3/66 [Ijyb/bolt of acid (13)]
  2544 | D:4      | Splashed by Ijyb's acid

Levels and vault maps discovered:
D:1:      sevenhm_arrival_forest_fort_large_2, layout_basic,
          minmay_misc_feat_enclosed
D:2:      layout_loops_ring, lemuel_doored_altar
D:3:      kennysheep_slugbush, layout_rooms, first_ration, trog_book, uniq_robin
D:4:      layout_loops_ring, minmay_temple_entry_mini_moons, uniq_ijyb,
          uniq_pikel, uniq_sigmund

Skill      XL: |  1  2  3  4  5 |
---------------+----------------+-----
Polearms       | 5 6 8 9 |  9.4
Fighting       | |  2.1
Throwing       | |  2.0
Dodging        | |  4.0

Action                   |  1- 3 |  4- 6 || total
-------------------------+-------+-------++-------
Melee: Trident           |   108 |   195 ||   303
       Tailslap          |       |     3 ||     3
Invok: Berserk           |       |     1 ||     1
  Use: Potion            |     3 |     2 ||     5
       Scroll            |     3 |     3 ||     6
 Stab: Sleeping          |     2 |     3 ||     5
  Eat: Chunk             |     1 |     4 ||     5
Armor: Leather armour    |    19 |    40 ||    59
Dodge: Dodged            |    59 |   143 ||   202
